Workbook

Sheet Cost of capital worksheet
A1: Estimation of Company Equity Risk Premium
A2: Region: There are two ways that you can estimate the equity risk premium for your company. One is to use a country breakdown, if you have it. The other is to use a regional breakdown.
A3: Operating Countries (last two rows can your direct inputs)
A4: Country | B4: Revenues or other Metric | C4: ERP | D4: Weight | E4: Weighted ERP
A5: United States of America | B5: 48421 | C5: =IF(B5=0,0,VLOOKUP(A5,'Country equity risk premiums'!$A$2:$D$196,4)) -> 0.0433 | D5: =IF(B5>0,B5/$B$24,) -> 0.98977944 | E5: =IF(D5=0,0,C5*D5) -> 0.04285745 | G5: The last two rows in each of these tables is set aside for your input to provide you with flexibility to enter some numbers directly. For instance, assume that you have a company that breaks its revenues down into three countries and then puts the rest into "Rest of the World". You can enter the "Rest of the World" in one of these two rows and enter an equity risk premium for the rest of the world. The easiest way to do that is to go into the country equity risk premium worksheet and change the GDP for the three countries that you have data for to zero and compute the global weighted average ERP for the remaining countries. With the regional worksheet, you can use the last two rows to enter the data for an individual country (usually the domestic country) that might be broken out though the rest of the revenues are broken down by region. You can look up the ERP for the country in the country ERP worksheet.
A6: Zimbabwe | B6: 500 | C6: =IF(B6=0,0,VLOOKUP(A6,'Country equity risk premiums'!$A$2:$D$196,4)) -> 0.16350889 | D6: =IF(B6>0,B6/$B$24,) -> 0.01022056 | E6: =IF(D6=0,0,C6*D6) -> 0.0016711523
D7: =IF(B7>0,B7/$B$24,) -> 0 | E7: =IF(D7=0,0,C7*D7) -> 0
D8: =IF(B8>0,B8/$B$24,) -> 0 | E8: =IF(D8=0,0,C8*D8) -> 0
D9: =IF(B9>0,B9/$B$24,) -> 0 | E9: =IF(D9=0,0,C9*D9) -> 0
D10: =IF(B10>0,B10/$B$24,) -> 0 | E10: =IF(D10=0,0,C10*D10) -> 0
D11: =IF(B11>0,B11/$B$24,) -> 0 | E11: =IF(D11=0,0,C11*D11) -> 0
D12: =IF(B12>0,B12/$B$24,) -> 0 | E12: =IF(D12=0,0,C12*D12) -> 0
D13: =IF(B13>0,B13/$B$24,) -> 0 | E13: =IF(D13=0,0,C13*D13) -> 0
D14: =IF(B14>0,B14/$B$24,) -> 0 | E14: =IF(D14=0,0,C14*D14) -> 0
D15: =IF(B15>0,B15/$B$24,) -> 0 | E15: =IF(D15=0,0,C15*D15) -> 0
D16: =IF(B16>0,B16/$B$24,) -> 0 | E16: =IF(D16=0,0,C16*D16) -> 0
D17: =IF(B17>0,B17/$B$24,) -> 0 | E17: =IF(D17=0,0,C17*D17) -> 0
D18: =IF(B18>0,B18/$B$24,) -> 0 | E18: =IF(D18=0,0,C18*D18) -> 0
... D23: =IF(B23>0,B23/$B$24,) -> 0 | E23: =IF(D23=0,0,C23*D23) -> 0
A24: Total | B24: =SUM(B5:B23) -> 48921 | D24: =SUM(D5:D23) -> 1 | E24: =SUM(E5:E23) -> 0.044528602
A26: Operating Regions ERP calculator (last two rows are for your direct input)
A27: Region | B27: Revenues or other Metric | C27: ERP | D27: Weight | E27: Weighted ERP
A28: ='Country equity risk premiums'!A201 -> Africa | B28: 0 | C28: ='Country equity risk premiums'!B201 -> 0.12636516 | D28: =B28/$B$39 -> 0 | E28: =C28*D28 -> 0
A29: ='Country equity risk premiums'!A202 -> Asia | B29: =3159+4281 -> 7440 | C29: ='Country equity risk premiums'!B202 -> 0.0587 | D29: =B29/$B$39 -> 0.049063248 | E29: =C29*D29 -> 0.0028800127
A30: ='Country equity risk premiums'!A203 -> Australia & New Zealand | C30: ='Country equity risk premiums'!B203 -> 0.043342933 | D30: =B30/$B$39 -> 0 | E30: =C30*D30 -> 0
A31: ='Country equity risk premiums'!A204 -> Caribbean | B31: 0 | C31: ='Country equity risk premiums'!B204 -> 0.12432073 | D31: =B31/$B$39 -> 0 | E31: =C31*D31 -> 0
A32: ='Country equity risk premiums'!A205 -> Central and South America | B32: 0 | C32: ='Country equity risk premiums'!B205 -> 0.091502495 | D32: =B32/$B$39 -> 0 | E32: =C32*D32 -> 0
A33: ='Country equity risk premiums'!A206 -> Eastern Europe | C33: ='Country equity risk premiums'!B206 -> 0.077277035 | D33: =B33/$B$39 -> 0 | E33: =C33*D33 -> 0
A34: ='Country equity risk premiums'!A207 -> Middle East | B34: 0 | C34: ='Country equity risk premiums'!B207 -> 0.064285747 | D34: =B34/$B$39 -> 0 | E34: =C34*D34 -> 0
A35: ='Country equity risk premiums'!A208 -> North America | B35: 93864 | C35: ='Country equity risk premiums'!B208 -> 0.0433 | D35: =B35/$B$39 -> 0.61898827 | E35: =C35*D35 -> 0.026802192
A36: ='Country equity risk premiums'!A209 -> Western Europe | B36: 50337 | C36: ='Country equity risk premiums'!B209 -> 0.054450111 | D36: =B36/$B$39 -> 0.33194848 | E36: =C36*D36 -> 0.018074632
D37: =B37/$B$39 -> 0 | E37: =C37*D37 -> 0
D38: =B38/$B$39 -> 0 | E38: =C38*D38 -> 0
A39: Total | B39: =SUM(B28:B38) -> 151641 | D39: =B39/$B$39 -> 1 | E39: =SUM(E28:E38) -> 0.047756836

Sheet Country equity risk premiums
A1: Mature Market ERP + | B1: 0.0433 | C1: Updated January 1, 2025
A2: Changing this number will update all your country equity risk premiums.
A4: Country | B4: Moody's rating | C4: Adj. Default Spread | D4: Equity Risk Premium | E4: Country Risk Premium | F4: Corporate Tax Rate
A5: Abu Dhabi | B5: Aa2 | C5: 0.0048889784 | D5: =$B$1+E5 -> 0.049891088 | E5: 0.0065910878 | F5: 0.15
A6: Albania | B6: Ba3 | C6: 0.0356197 | D6: =$B$1+E6 -> 0.091320783 | E6: 0.048020783 | F6: 0.15
A7: Algeria | B7: NR | C7: 0.029799488 | D7: =$B$1+E7 -> 0.08347425 | E7: 0.04017425 | F7: 0.15
A8: Andorra (Principality of) | B8: Baa1 | C8: 0.015830978 | D8: =$B$1+E8 -> 0.06464257 | E8: 0.02134257 | F8: 0.1898
A9: Angola | B9: B3 | C9: 0.064371549 | D9: =$B$1+E9 -> 0.13008266 | E9: 0.086782656 | F9: 0.25
A10: Anguilla | B10: NR | C10: 0.060122636 | D10: =$B$1+E10 -> 0.12435447 | E10: 0.081054474 | F10: 0.25228019
A11: Antigua & Barbuda | B11: NR | C11: 0.0601 | D11: =$B$1+E11 -> 0.12431225 | E11: 0.081012248 | F11: 0.2523
A12: Argentina | B12: Ca | C12: 0.11884874 | D12: =$B$1+E12 -> 0.20352621 | E12: 0.16022621 | F12: 0.35
A13: Armenia | B13: Ba3 | C13: 0.0356197 | D13: =$B$1+E13 -> 0.091320783 | E13: 0.048020783 | F13: 0.18
A14: Aruba | B14: Baa3 | C14: 0.021767594 | D14: =$B$1+E14 -> 0.072646034 | E14: 0.029346034 | F14: 0.25
A15: Australia | B15: Aaa | C15: 0 | D15: =$B$1+E15 -> 0.0433 | E15: 0 | F15: 0.3
A16: Austria | B16: Aa1 | C16: 0.0039577444 | D16: =$B$1+E16 -> 0.048635643 | E16: 0.0053356425 | F16: 0.24
... A196: Zimbabwe | B196: NR | C196: 0.089165654 | D196: =$B$1+E196 -> 0.16350889 | E196: 0.12020889 | F196: 0.35
A200: Region | B200: ERP | C200: Default Spread | D200: Tax Rate | E200: CRP
A201: Africa | B201: =$B$1+E201 -> 0.12636516 | C201: 0.061639737 | D201: 0.27421915 | E201: 0.083065163
A202: Asia | B202: =$B$1+E202 -> 0.0587 | C202: 0.010708616 | D202: 0.25344179 | E202: 0.0154
A203: Australia & New Zealand | B203: =$B$1+E203 -> 0.043342933 | C203: 3.185925e-05 | D203: 0.29743621 | E203: 4.2933242e-05
A204: Caribbean | B204: =$B$1+E204 -> 0.12432073 | C204: 0.060122636 | D204: 0.25228019 | E204: 0.081020731
A205: Central and South America | B205: =$B$1+E205 -> 0.091502495 | C205: 0.035769377 | D205: 0.31553953 | E205: 0.048202495
A206: Eastern Europe | B206: =$B$1+E206 -> 0.077277035 | C206: 0.025213163 | D206: 0.17230578 | E206: 0.033977035
A207: Middle East | B207: =$B$1+E207 -> 0.064285747 | C207: 0.015572785 | D207: 0.18937683 | E207: 0.020985747
A208: North America | B208: =$B$1+E208 -> 0.0433 | C208: 0 | D208: 0.25108814 | E208: 0
A209: Western Europe | B209: =$B$1+E209 -> 0.054450111 | C209: 0.0082741051 | D209: 0.2477522 | E209: 0.011150111
A210: Global | B210: =$B$1+E210 -> 0.0576 | C210: 0.010377276 | D210: 0.25221031 | E210: 0.0143
